 Dungeon Crawl Stone Soup version 0.16.0-17-g811c1d7 (webtiles) character file.

11967 RobertPalmer the Summoner (level 11, -8/77 HPs)
             Began as an Octopode Summoner on Mar 20, 2015.
             Was a Believer of Ashenzari.
             Mangled by a red devil
             ... wielding a +0 trident
             ... summoned by an orc high priest
              (10 damage)
             ... on level 3 of the Orcish Mines.
             The game lasted 01:07:07 (20584 turns).

RobertPalmer the Summoner (Octopode Summoner)      Turns: 20584, Time: 01:07:07

Health: -8/77      AC:  3    Str:  7    XL:     11   Next: 86%
Magic:  5/20       EV: 20    Int: 17    God:    Ashenzari [**....]
Gold:   1154       SH:  0    Dex: 17    Spells: 5 memorised, 3 levels left

rFire  . . .     SeeInvis .     a - +2 short sword (venom)
rCold  . . .     Clarity  +     (no shield)
rNeg   . . .     SustAb   .     p - +2 hat
rPois  +         Gourm    .     e - amulet of clarity {Clar, !d}
rElec  .         Spirit   .     j - ring of poison resistance (curse) {rPois, !d}
rCorr  .         Warding  .     (no ring)
rMut   .         Stasis   .     (no ring)
MR     .....                    (no ring)
Stlth  ++++......               (no ring)
                                (no ring)
                                (no ring)
                                (no ring)

@: not resistant to hostile enchantments, stealthy
A: almost no armour, amphibious, 8 rings, constrict 8, camouflage 1, gelatinous
body 1
a: Renounce Religion


You were on level 3 of the Orcish Mines.
You worshipped Ashenzari.
Ashenzari was pleased with you.
You were hungry.

You visited 3 branches of the dungeon, and saw 15 of its levels.
You also visited: Bailey.

You collected 1154 gold pieces.

Inventory:

Hand weapons
 a - a +2 short sword of venom (weapon)
   (You took it off a kobold on level 11 of the Dungeon)
 b - a +0 blowgun
   (You took it off a kobold on level 3 of the Dungeon)
Missiles
 n - 55 poisoned needles
 q - 2 needles of slowing
Armour
 p - a +2 hat (worn)
   (You found it on level 2 of the Dungeon)
Jewellery
 e - an amulet of clarity (around mantle) {Clar, !d}
   (You found it on level 1 of the Dungeon)
 g - an uncursed amulet of resist mutation {rMut, !d}
   (You found it on level 3 of the Dungeon)
 i - an uncursed amulet of faith {Faith, !P}
   (You found it on level 3 of the Dungeon)
 j - a cursed ring of poison resistance (left tentacle) {rPois, !d}
   (You found it on level 1 of the Dungeon)
 o - an uncursed amulet of guardian spirit {Spirit}
   (You found it on level 11 of the Dungeon)
 H - an uncursed amulet of resist corrosion {rCorr, !d}
   (You found it on level 10 of the Dungeon)
Magical devices
 d - a wand of digging (0)
   (You found it on level 7 of the Dungeon)
 w - a wand of teleportation (0)
   (You found it on level 11 of the Dungeon)
 E - a wand of slowing (27)
   (You took it off a hobgoblin on level 7 of the Dungeon)
Scrolls
 t - 4 scrolls of curse jewellery
 A - 2 scrolls of recharging
 C - a scroll of curse weapon
 F - 2 scrolls of enchant armour
Potions
 l - a potion of brilliance
 s - a potion of beneficial mutation {unknown}
 u - 2 potions of resistance
 I - a potion of haste
Books
 m - a book of Callings
 z - a book of Frost
   (You found it on level 9 of the Dungeon)
Comestibles
 c - 14 bread rations {@e1}
 f - a chunk of flesh {@w0}
 h - 9 meat rations {@e2}
 D - a beef jerky


   Skills:
 - Level 7.8 Fighting
 - Level 0.6 Short Blades
 - Level 4.0 Throwing
 - Level 10.4 Dodging
 - Level 2.6 Stealth
 - Level 4.3 Unarmed Combat
 + Level 3.4 Spellcasting
 - Level 10.8 Summonings
 - Level 5.1 Ice Magic


You had 3 spell levels left.
You knew the following spells:

 Your Spells              Type           Power        Failure   Level  Hunger
a - Summon Small Mammal   Summ           ####         1%          1    None
b - Call Canine Familiar  Summ           #####...     1%          3    ###....
c - Call Imp              Summ           #####...     1%          2    ##.....
d - Summon Ice Beast      Ice/Summ       ####....     10%         4    ####...
A - Ozocubu's Armour      Chrm/Ice       ##......     21%         3    ###....


Dungeon Overview and Level Annotations

Branches:
Dungeon (11/15)            Temple (1/1) D:6            Lair (0/8) D:11
    Orc (3/4) D:10
    Elf: Orc:3-4

Altars:
Ashenzari
Cheibriados
Dithmenos
Elyvilon
Fedhas
Gozag
Kikubaaqudgha
Makhleb
Nemelex Xobeh
Okawaru
Qazlal
Ru
Sif Muna
Trog
Vehumet
Xom
Yredelemnul
Zin
The Shining One

Shops:
D:9 }

Annotations:
D:11 exclusion: hydra


Innate Abilities, Weirdness & Mutations

You cannot wear most types of armour.
You are amphibious.
You can wear up to eight rings at the same time.
You can use your tentacles to constrict many enemies at once.
Your skin changes colour to match your surroundings (Stealth).
Your rubbery body absorbs attacks (AC +1).


Message History

An orc warrior comes into view. It is wielding a trident.
You take 8 damage, and have 57/77 hp.
Your ice beast misses the warg.
The orc warrior hits your ice beast with a dire flail!
The warg closely misses your ice beast.
Your ice beast closely misses the orc warrior.
The warg bites your ice beast!
Something closely misses your ice beast.
Your ice beast barely misses the warg.
A chill wind blows around you.
You now have 5/20 mp.
Something completely misses your ice beast.
Something barely misses your ice beast. Something bites your ice beast.
Something bites your ice beast. Something bites your ice beast. x2
The orc warrior misses you.
Something closely misses your ice beast.
Your ice beast disappears in a puff of smoke!
The warg bites your ice beast!
Your ice beast barely misses the warg.
The warg bites your ice beast!
Your ice beast dies!
A chill wind blows around you.
You are feeling hungry.
The orc priest invokes the aid of Beogh against you.
Your ice beast convulses in agony!
Your ice beast barely misses the orc priest.
You now have 3/20 mp.
Okay, then.
You hit the warg. You squeeze the warg, but do no damage. The warg bites you!
The orc priest closely misses your ice beast.
The orc high priest hits you from afar with a halberd!
Your ice beast hits the orc priest.
Your ice beast freezes the orc priest!
You take 23 damage, and have 37/77 hp.
MASSIVE DAMAGE!!
You barely miss the warg. The warg bites you!
* * * LOW HITPOINT WARNING * * *
The orc high priest mumbles some strange prayers to Beogh.
Send 'em back where they came from!
Your ice beast shudders. x2
Your ice beast hits the orc high priest but does no damage.
The warg barely misses you.
You take 14 damage, and have 23/77 hp.
Unknown command.
Your ice beast disappears in a puff of smoke!
The orc high priest hits your ice beast with a halberd.
Your ice beast hits the orc high priest.
Your ice beast freezes the orc high priest!
Things that are here:
an uncursed falchion; an uncursed leather armour; an orc corpse Something barely misses your ice beast.
The warg misses you.
Your ice beast closely misses the orc high priest.
The orc high priest utters an invocation to Beogh.
Things that are here:
an uncursed short sword; an uncursed leather armour; an orc corpse The red devil hits your ice beast with a trident!
Read which item? (? for menu, Esc to quit)
Okay, then.
Drink which item? (? for menu, Esc to quit)
Okay, then.
Nothing appears to happen.
The warg completely misses you.
Your ice beast misses the warg.
The warg bites you!
* * * LOW HITPOINT WARNING * * *
You take 13 damage, and have 10/77 hp.
Unknown command.
Read which item? (? for menu, Esc to quit)
Okay, then.
Drink which item? (? for menu, Esc to quit)
Okay, then.
Okay, then.
Read which item? (? for menu, Esc to quit)
Really read
G - a scroll of immolation {!r}?
Read which item? (? for menu, Esc to quit)
Okay, then.
Read which item? (? for menu, Esc to quit)
Really read
G - a scroll of immolation {!r}?
As you read the scroll of immolation {!r}, it crumbles to dust.
The creatures around you are filled with an inner flame!
The red devil barely misses your ice beast.
The warg misses you.
Your ice beast is smitten.
Your ice beast closely misses the warg.
Unknown command.
Unknown command.
Unknown command.
Unknown command.
You barely miss the warg. The warg closely misses you.
The red devil hits your ice beast with a trident!
Your ice beast dies!
The orc high priest hits you from afar with a halberd!
* * * LOW HITPOINT WARNING * * *
The warg closely misses you.
You hit the warg. The warg misses you.
Your magical contamination has completely faded away.
You take 8 damage, and have 2/77 hp.
The orc priest shouts!
You hit the warg but do no damage.
The orc high priest prays to Beogh.
The red devil hits you from afar with a trident!
You die...

...........#..##....##
.......)...........##
.......###..)≈≈≈...# ..).)..#
##...≈≈).## ......)##
#≈.)≈≈≈.### .##.....#
##.)......## #.. ####..#
#.....43..# .... ...##...##
#≈........# .....
.........####.#≈@ho.###.o....
..........########4.# $o..o..
...........### #..o##.......
.............####o.##{o.......
..................oo.Yh......#
.#...........................
...........................
...................#......
.#.#.#.#.#....#.####.#...


You could see an ice devil, an orc high priest (inner flame), a blue devil, a
warg (inner flame), a red devil and an orc priest.

Vanquished Creatures
  A hill giant (D:8)
  A griffon (D:10)
  A trapdoor spider zombie (D:11)
  A slime creature (D:10)
  2 yaks
  A vampire mosquito (D:10)
  A hippogriff (D:8)
  A warg (D:10)
  5 ice beasts
  7 orc warriors
  2 phantoms
  A black bear (D:7)
  A sky beast (D:5)
  An eye of draining (D:9)
  2 ogres
  A crocodile (D:10)
  3 centaurs
  2 giant frogs
  A big kobold (D:11)
  2 scorpions
  An electric eel (D:9)
  16 killer bees
  A centaur zombie (D:6)
  A wight (D:7)
  3 crimson imps
  3 hounds
  A jelly (D:10)
  A goliath beetle (D:6)
  11 orc priests
  A centaur skeleton (D:5)
  A giant frog skeleton (D:10)
  13 orc wizards
  3 iguanas
  12 worker ants
  Ijyb (D:5)
  Jessica (D:2)
  A hound skeleton (D:5)
  A mummy (D:10)
  A worker ant zombie (D:9)
  11 adders
  A river rat (D:11)
  3 gnolls (D:7)
  3 shadow imps
  3 giant mites
  A worm (D:4)
  4 giant geckos
  2 oozes
  71 orcs
  17 bats
  A bat skeleton (D:7)
  A bat zombie (D:5)
  3 giant cockroaches
  14 hobgoblins
  6 jackals
  4 quokkas
  3 ball pythons
  7 giant newts
  A giant spore (D:8)
  18 goblins
  A jackal zombie (D:6)
  35 kobolds
  21 rats
  2 ballistomycetes (D:8)
343 creatures vanquished.

Vanquished Creatures (collateral kills)
  A hydra (D:10)
  A centaur warrior (D:10)
  The ghost of Rayvis the Fighter, an experienced MiFi of Okawaru (D:6)
  A hill giant (D:10)
  An orc sorcerer (Orc:1)
  2 ugly things
  A yaktaur (D:10)
  2 trolls (D:10)
  A two-headed ogre (Orc:1)
  9 yaks
  2 deep elf magi
  A hippogriff (D:9)
  A deep elf fighter (D:11)
  A steam dragon (D:8)
  Edmund (D:7)
  A warg (D:10)
  An orc warrior (Orc:1)
  A sky beast (D:7)
  A black bear (D:8)
  2 phantoms
  2 necrophages
  7 ogres
  An ice beast (D:10)
  2 crocodiles
  A centaur (D:6)
  3 big kobolds
  2 giant frogs
  A vampire bat (Orc:1)
  A scorpion (D:10)
  3 wights (D:7)
  4 killer bees
  An electric eel (D:9)
  3 crimson imps
  A quasit (D:10)
  3 hounds
  2 jellies
  2 centaur zombies
  8 orc priests
  3 worker ants
  4 iguanas
  6 orc wizards
  A giant frog simulacrum (D:10)
  2 hound skeletons
  Robin (D:4)
  5 gnolls
  2 adders
  A worm (D:2)
  54 orcs
  4 hobgoblins
  11 bats
  2 giant newts
  14 goblins
  2 jackals (D:9)
  20 kobolds
  5 rats
  A ballistomycete (D:8)
217 creatures vanquished.

Vanquished Creatures (others)
  7 wolves
  29 ice beasts
  11 crimson imps
  A jelly (D:9)
  24 hounds
  An iron imp (D:7)
  5 shadow imps
  6 white imps
  2 bats (D:1)
  A quokka (D:2)
  4 fungi (D:11)
  2 plants (D:11)
93 creatures vanquished.

Grand Total: 653 creatures vanquished

Notes
Turn   | Place    | Note
--------------------------------------------------------------
     0 | D:1      | RobertPalmer, the Octopode Summoner, began the quest for the Orb.
     0 | D:1      | Reached XP level 1. HP: 11/11 MP: 3/3
   461 | D:1      | Reached XP level 2. HP: 17/17 MP: 4/4
  1264 | D:1      | Learned a level 2 spell: Call Imp
  1310 | D:1      | Reached XP level 3. HP: 21/21 MP: 6/6
  1494 | D:1      | Reached skill level 5 in Summonings
  1617 | D:2      | Found a white marble altar of Elyvilon.
  1830 | D:2      | Reached XP level 4. HP: 12/27 MP: 7/7
  1999 | D:2      | Noticed Jessica
  2008 | D:2      | Killed Jessica
  2062 | D:2      | Found an iron altar of Okawaru.
  2494 | D:3      | Found a radiant altar of Vehumet.
  2551 | D:3      | Reached skill level 6 in Summonings
  2601 | D:3      | Reached XP level 5. HP: 20/31 MP: 6/9
  2846 | D:3      | Learned a level 3 spell: Call Canine Familiar
  3217 | D:4      | Found an opulent altar of Gozag.
  3399 | D:4      | Found an ancient bone altar of Kikubaaqudgha.
  3435 | D:4      | Reached skill level 7 in Summonings
  3435 | D:4      | Reached XP level 6. HP: 31/36 MP: 6/10
  3462 | D:4      | Noticed Robin
  3475 | D:4      | Killed Robin
  3524 | D:4      | Found a blossoming altar of Fedhas.
  4182 | D:5      | Entered Level 5 of the Dungeon
  4323 | D:5      | Noticed Ijyb
  4330 | D:5      | Killed Ijyb
  4331 | D:5      | Reached skill level 1 in Throwing
  4547 | D:5      | Reached skill level 2 in Throwing
  4553 | D:5      | Reached skill level 3 in Throwing
  4553 | D:5      | Reached XP level 7. HP: 37/41 MP: 1/12
  4839 | D:5      | HP: 9/41 [big kobold/dagger of freezing (3)]
  4866 | D:5      | HP: 10/41 [kobold/stone (1)]
  4887 | D:5      | Reached skill level 4 in Throwing
  5228 | D:5      | Reached skill level 3 in Dodging
  5306 | D:5      | Reached skill level 4 in Dodging
  5342 | D:5      | HP: 8/41 [phantom (8)]
  5707 | D:5      | Reached skill level 5 in Dodging
  5707 | D:5      | Reached XP level 8. HP: 17/46 MP: 7/13
  6043 | D:5      | Got a steaming flail
  6046 | D:5      | Identified the +5 flail of Superiority {freeze, -Cast rF+ Dex+2} (You found it on level 5 of the Dungeon)
  6388 | D:6      | Reached skill level 6 in Dodging
  6513 | D:6      | Found a staircase to the Ecumenical Temple.
  6522 | Temple   | Entered the Ecumenical Temple
  6630 | Temple   | Became a worshipper of Ashenzari the Shackled
  6828 | D:6      | Noticed Rayvis' ghost (experienced MiFi)
  7168 | D:7      | Found a basalt altar of Yredelemnul.
  7169 | D:7      | Found a bloodstained altar of Trog.
  7210 | D:7      | Noticed Edmund
  7249 | D:7      | Killed Edmund
  7249 | D:7      | Reached skill level 7 in Dodging
  7660 | D:7      | Reached skill level 8 in Dodging
  7735 | D:7      | Reached XP level 9. HP: 43/51 MP: 9/14
  7763 | D:6      | Found a shimmering altar of Xom.
  7873 | D:6      | Found a sparkling altar of Nemelex Xobeh.
  7979 | D:6      | Killed Rayvis' ghost
  7979 | D:6      | Reached skill level 9 in Dodging
  8264 | D:6      | Found a deep blue altar of Sif Muna.
  8291 | D:6      | Found a glowing golden altar of the Shining One.
  8780 | D:7      | Reached skill level 10 in Dodging
  9101 | D:7      | Found a snail-covered altar of Cheibriados.
  9398 | D:8      | Noticed a hill giant
  9455 | D:7      | Learned a level 4 spell: Summon Ice Beast
  9485 | D:8      | Found a shadowy altar of Dithmenos.
  9553 | D:8      | Found a sacrificial altar of Ru.
  9826 | D:8      | Reached skill level 8 in Summonings
 10331 | D:8      | Reached skill level 9 in Summonings
 10331 | D:8      | Reached XP level 10. HP: 27/56 MP: 10/16
 10636 | D:8      | Killed a hill giant
 10636 | D:8      | Reached skill level 10 in Summonings
 12090 | D:9      | HP: 11/56 [centaur/wand of cold (23)]
 12092 | D:9      | HP: 3/56 [centaur/arrow (8)]
 12100 | D:9      | HP: 7/56 [centaur/arrow (10)]
 12108 | D:9      | Found Boicvoep's Gadget Shoppe.
 13198 | D:10     | Entered Level 10 of the Dungeon
 13336 | D:10     | Reached skill level 1 in Ice Magic
 13522 | D:10     | Reached skill level 2 in Ice Magic
 13541 | D:10     | Found a staircase to the Orcish Mines.
 13601 | D:10     | Noticed a centaur warrior
 13601 | D:10     | Noticed a white ugly thing
 13656 | D:10     | Reached skill level 3 in Ice Magic
 13795 | D:10     | Reached skill level 4 in Ice Magic
 13845 | D:10     | Acquired Ashenzari's first power
 14015 | D:10     | Learned a level 3 spell: Ozocubu's Armour
 14157 | D:10     | HP: 10/56 [killer bee (10)]
 14682 | D:9      | Reached skill level 5 in Ice Magic
 14859 | D:10     | Noticed a griffon
 14860 | D:10     | Noticed a hill giant
 14885 | D:10     | Noticed a five-headed hydra
 14886 | D:10     | Killed a griffon
 14886 | D:10     | Reached skill level 2 in Fighting
 14961 | D:9      | Reached XP level 11. HP: 33/64 MP: 3/18
 15368 | D:10     | Reached skill level 3 in Fighting
 15374 | D:10     | Killed a white ugly thing
 15399 | D:10     | Reached skill level 4 in Fighting
 15618 | D:10     | Killed a hill giant
 15764 | D:10     | Reached skill level 5 in Fighting
 15814 | D:10     | HP: 17/71 [poisoned by a centaur warrior]
 15819 | D:9      | HP: 14/71 [poisoned by a centaur warrior]
 15824 | D:9      | HP: 12/71 [poisoned by a centaur warrior]
 15829 | D:9      | HP: 11/71 [poisoned by a centaur warrior]
 15836 | D:9      | HP: 10/71 [poisoned by a centaur warrior]
 15844 | D:9      | HP: 10/71 [poisoned by a centaur warrior]
 16361 | D:10     | Killed a centaur warrior
 16361 | D:10     | Reached skill level 6 in Fighting
 16709 | D:10     | Killed a five-headed hydra
 16969 | D:11     | Reached skill level 7 in Fighting
 17125 | D:11     | Noticed an eight-headed hydra
 17442 | D:11     | Found a staircase to the Lair.
 17720 | D:11     | Reached skill level 1 in Unarmed Combat
 17875 | D:11     | Noticed a skeletal warrior
 17877 | D:11     | Noticed a skeletal warrior
 17879 | D:11     | Noticed a skeletal warrior
 17879 | D:11     | Noticed a skeletal warrior
 17880 | D:11     | Noticed a skeletal warrior
 18100 | Orc:1    | Entered Level 1 of the Orcish Mines
 18133 | Orc:1    | Found a flagged portal.
 18144 | Bailey   | Entered a bailey
 18274 | Bailey   | Noticed Noname's ghost (experienced HOFi)
 18275 | Bailey   | Noticed an orc knight
 18510 | Orc:1    | HP: 8/77 [orc warrior/short sword (18)]
 18512 | Orc:1    | Reached skill level 2 in Unarmed Combat
 18535 | Orc:1    | HP: 13/77 [orc/short sword (1)]
 19456 | Orc:1    | Reached skill level 3 in Unarmed Combat
 19724 | Orc:1    | Reached skill level 4 in Unarmed Combat
 19989 | Orc:1    | Reached skill level 3 in Spellcasting
 20290 | Orc:2    | Found a deep blue altar of Sif Muna.
 20558 | Orc:3    | Noticed an orc high priest
 20580 | Orc:3    | HP: 10/77 [warg[an orc high priest] (14)]
 20582 | Orc:3    | HP: 2/77 [orc high priest/halberd (8)]
 20584 | Orc:3    | Mangled by a red devil

Action                   |  1- 3 |  4- 6 |  7- 9 | 10-12 || total
-------------------------+-------+-------+-------+-------++-------
Melee: Short sword       |    81 |    79 |    11 |   185 ||   356
       Unarmed           |     4 |       |       |    13 ||    17
       Dagger            |       |       |   178 |   272 ||   450
 Fire: Blowgun           |       |     9 |    90 |    95 ||   194
Throw: Javelin           |    11 |    46 |    19 |    14 ||    90
       Throwing net      |       |       |     2 |     2 ||     4
 Cast: Summon Small Mamm |    16 |     1 |       |     1 ||    18
       Call Imp          |       |    16 |    43 |    24 ||    83
       Call Canine Famil |       |     9 |    41 |    36 ||    86
       Summon Ice Beast  |       |       |     1 |   105 ||   106
       Ozocubu's Armour  |       |       |       |    10 ||    10
Evoke: Wand              |       |       |     5 |    12 ||    17
  Use: Scroll            |     3 |    10 |     6 |    13 ||    32
       Potion            |       |       |     2 |     7 ||     9
 Stab: Sleeping          |     4 |     3 |    19 |     6 ||    32
       Distracted        |       |       |     8 |    10 ||    18
  Eat: Chunk             |     3 |    10 |    24 |    53 ||    90
       Beef jerky        |       |       |     1 |     6 ||     7
       Royal jelly       |       |       |       |     1 ||     1

Vault maps used:
D:1:      dpeg_arrival_simpleton_a
D:2:      nicolae_overflow_hidden_temple, elyvilon_altar_3, uniq_jessica
D:3:      lemuel_coloured_pillars_altar, first_bread
D:4:      kiku_gazebo_garden_becter, grunt_gozag_breadcrumbs,
          nicolae_overflow_crystal_walls, uniq_robin
D:5:      uniq_iyjb
D:6:      nemelex_xobeh_ov_fountains_minmay, lemuel_doored_altar,
          kennysheep_mini_moat, temple_fountains, basic_altar
D:7:      overflow_temple_1_default, lemuel_crystal_altar,
          cheibriados_altar_wand_db, grunt_ogre_cave, st_stairs_3, uniq_edmund
D:8:      lemuel_round_altar, nicolae_dithmenos_shadow_blocks
D:9:      serial_shops, shop_coins, serial_pond, minmay_pond_plants_p,
          minmay_pond_fungi_c, lemuel_flame_loot_1
D:10:     minmay_orc_entry_guard_dogs, minivault_28
D:11:     grunt_lair_entry_elf_guard_hut
Temple:   circular_temple_6
Orc:1:    enter_bailey_3, roderic_batcave, lightli_orcish_oven
Orc:2:    basic_altar
Orc:3:    nicolae_orc_pool_cavern, nicolae_orc_damp_corner, uniq_joseph
Bailey:   bailey_axe_1, bailey

Table legend:
 A = Turns spent in this place as a percentage of turns spent in the entire game.
 B = Non-inter-level travel turns spent in this place as a percentage of non-inter-level travel turns spent in the entire game.
 C = Inter-level travel turns spent in this place as a percentage of turns spent in this place.
 D = Turns resting spent in this place as a percentage of non-inter-level travel turns spent in this place.
 E = Turns spent auto-exploring this place as a percentage of non-inter-level travel turns spent in this place.
 F = Non-inter-level travel turns spent in this place divided by the number of levels of this place that you've seen.
                   A       B       C       D       E      F
               +-------+-------+-------+-------+-------+----------------------
         Total | 100.0 | 100.0 |   0.4 |   2.7 |   4.2 | 494.4
       Dungeon |  83.5 |  83.4 |   0.4 |   2.9 |   4.0 | 599.8
        Temple |   1.0 |   1.0 |   0.0 |   0.0 |   0.0 |  77.0
  Orcish Mines |  13.4 |  13.4 |   0.2 |   2.0 |   6.9 | 353.7
        Bailey |   2.2 |   2.2 |   0.0 |   1.1 |   0.0 | 174.0
               +-------+-------+-------+-------+-------+----------------------

Table legend:
 A = Kills in this place as a percentage of kills in entire the game.
 B = Kills by you in this place as a percentage of kills by you in the entire game.
 C = Kills by friends in this place as a percentage of kills by friends in the entire game.
 D = Other kills in this place as a percentage of other kills in the entire game.
 E = Experience gained in this place as a percentage of experience gained in the entire game.
 F = Experience gained in this place divided by the number of levels of this place that you have seen.
                   A       B       C       D       E      F
               +-------+-------+-------+-------+-------+----------------------
         Total | 100.0 | 100.0 | 100.0 |  -nan | 100.0 | 1068.5
       Dungeon |  73.2 |  76.8 |  67.6 |  -nan |  86.2 | 1340.0
  Orcish Mines |  24.6 |  21.2 |  30.1 |  -nan |  13.7 | 780.3
        Bailey |   2.2 |   2.1 |   2.3 |  -nan |   0.1 |  15.0
               +-------+-------+-------+-------+-------+----------------------
